 Dungeon Crawl Stone Soup version 0.21-a0-440-g28109cb (webtiles) character file.

349 Ijustatesigmund the Skirmisher (level 6, -10/44 HPs)
             Began as an Octopode Artificer on Nov 10, 2017.
             Was an Initiate of Okawaru.
             Mangled by mortelune's ghost (22 damage)
             ... on level 4 of the Dungeon.
             The game lasted 00:17:15 (5267 turns).

Ijustatesigmund the Skirmisher (Octopode Artificer) Turns: 5267, Time: 00:17:17

Health: -10/44     AC:  1    Str: 11    XL:     6   Next: 60%
Magic:  8/8        EV: 13    Int: 15    God:    Okawaru [......]
Gold:   148        SH:  0    Dex: 13    Spells: 5/5 levels left

rFire    . . .     SeeInvis .   l - +0 flail
rCold    . . .     Gourm    .   (no shield)
rNeg     . . .     Faith    .   (helmet restricted)
rPois    .         Spirit   .   m - amulet of inaccuracy
rElec    .         Reflect  .   g - ring of stealth
rCorr    .         Harm     .   q - ring of loudness
MR       .....                  (no ring)
Stlth    +++.......             (no ring)
HPRegen  0.14/turn              (no ring)
MPRegen  0.11/turn              (no ring)
                                (no ring)
                                (no ring)

@: no status effects
A: almost no armour, stealthy swim, amphibious, 8 rings, constrict 8, camouflage
1, gelatinous body 1
a: Renounce Religion


You were on level 4 of the Dungeon.
You worshipped Okawaru.
Okawaru was noncommittal.
You were hungry.

You visited 1 branch of the dungeon, and saw 5 of its levels.

You collected 148 gold pieces.

Inventory:

Hand Weapons
 a - a +1 short sword
 k - a +0 dagger of venom
 l - a +0 flail (weapon)
Jewellery
 g - a ring of stealth (left tentacle)
 m - an amulet of inaccuracy (around mantle)
 q - a ring of loudness (right tentacle)
Wands
 b - a wand of flame (7/48)
 c - a wand of enslavement (6/24)
 d - a wand of random effects (10/48)
Potions
 e - 2 potions of lignification
 h - 2 potions of flight
Comestibles
 f - a bread ration
 j - a royal jelly
 o - a meat ration


   Skills:
 + Level 4.6 Fighting
 - Level 1.0 Short Blades
 * Level 0.6 Maces & Flails
 + Level 2.1 Dodging
 + Level 1.6 Stealth
 - Level 4.0 Unarmed Combat
 - Level 3.2 Evocations


You had 5 spell levels left.
You didn't know any spells.

Dungeon Overview and Level Annotations

Branches:
Dungeon (5/15)
 Temple: D:4-7

Altars:
Dithmenos
Okawaru
Qazlal
Wu Jian

Annotations:
D:3 sober's ghost, amateur DEFE
D:4 mortelune's ghost, novice MiFi


Innate Abilities, Weirdness & Mutations

You cannot wear most types of armour.
You are very stealthy in the water. (Stealth+)
You are amphibious.
You can wear up to eight rings at the same time.
You can use your tentacles to constrict eight enemies at once.
Your skin changes colour to match your surroundings (Stealth+).
Your rubbery body absorbs attacks. (AC +1, EV +1)


Message History

The ogre hits your iguana with a giant club!
Your iguana barely misses the ogre.
Your iguana bites the ogre!
The ogre hits your iguana with a giant club!!
Your iguana dies!
The ogre looks more experienced.
There is a stone staircase leading up here.
You climb upwards.
Level annotation: mortelune's ghost, novice MiFi Mortelune's ghost turns its malevolent gaze towards you.
There is a stone staircase leading down here.
You closely miss mortelune's ghost.
Mortelune's ghost hits you but does no damage.
You hit mortelune's ghost.
Mortelune's ghost is lightly damaged.
Mortelune's ghost hits you!
* * * LOW HITPOINT WARNING * * *
Mortelune's ghost hits you!!
Ouch! That really hurt!
You die...

.................
..............###
...............##
.....#.#........###
............#.....##
.........?.........
.......###..###..###
..............#....#
._.#...........W@>.#
...#......#........#
.........#######...#
...#.[.[.# #...#
##.#....## #####
##..........
............
#............
.............


You could see mortelune's ghost.

Vanquished Creatures
  A bullfrog zombie (D:4)
  A hound (D:5)
  A jelly (D:4)
  An orc priest (D:4)
  An iguana (D:4)
  4 adders
  2 gnolls (D:2)
  A worm (D:2)
  A dart slug (D:1)
  2 leopard geckos
  8 orcs
  5 giant cockroaches
  6 goblins
  6 hobgoblins
  2 jackals (D:3)
  11 kobolds
  2 quokkas
  5 bats
  4 frilled lizards
  6 rats
70 creatures vanquished.

Vanquished Creatures (collateral kills)
  A jelly (D:5)
  2 gnolls (D:2)
  A worm (D:5)
  A leopard gecko (D:5)
  An orc (D:4)
  A quokka zombie (D:5)
  A rat (D:2)
8 creatures vanquished.

Vanquished Creatures (others)
  A water moccasin (D:5)
  An iguana (D:5)
  A scorpion (D:4)
  An orc (D:3)
  A kobold (D:4)
5 creatures vanquished.

Grand Total: 83 creatures vanquished

Notes
Turn   | Place    | Note
-------+----------+-------------------------------------------
     0 | D:1      | Ijustatesigmund the Octopode Artificer began the quest for the Orb.
     0 | D:1      | Reached XP level 1. HP: 13/13 MP: 3/3
   301 | D:1      | Reached XP level 2. HP: 19/19 MP: 4/4
  1033 | D:2      | Reached XP level 3. HP: 20/26 MP: 5/5
  1601 | D:2      | Reached XP level 4. HP: 33/33 MP: 6/6
  2246 | D:3      | Noticed sober's ghost (amateur DEFE)
  2568 | D:3      | Found an iron altar of Okawaru.
  2591 | D:3      | Became a worshipper of Warmaster Okawaru
  2880 | D:4      | Noticed mortelune's ghost (novice MiFi)
  3303 | D:2      | Reached XP level 5. HP: 27/38 MP: 7/7
  3421 | D:3      | Reached skill level 1 in Unarmed Combat
  3879 | D:4      | Found a stormy altar of Qazlal.
  4001 | D:4      | Found an ornate altar of the Wu Jian Council.
  4102 | D:5      | Entered Level 5 of the Dungeon
  4508 | D:5      | Noticed a water moccasin
  4867 | D:4      | Found a shadowy altar of Dithmenos.
  4894 | D:4      | Reached XP level 6. HP: 34/44 MP: 8/8
  5267 | D:4      | Mangled by mortelune's ghost

Vault maps used:
D:1:      minmay_arrival_up_and_down, palyth_stone_intersect,
          roderic_serpentine_path, minmay_close_crescents
D:3:      okawaru_trees_1
D:4:      kiku_gazebo_pond_becter, minitemple, grunt_temple_overflow_open,
          minivault_26, nicolae_qazlal_eye_of_the_storm
D:5:      first_bread, st_stairs_10

Skill      XL: |  1  2  3  4  5  6 |
---------------+-------------------+-----
Fighting       | 2 3 4 |  4.6
Unarmed Combat | 3 4 |  4.0
Short Blades   | |  1.0
Maces & Flails | |  0.6
Dodging        | |  2.1
Stealth        | |  1.6
Evocations     | |  3.2

Action                   |  1- 3 |  4- 6 || total
-------------------------+-------+-------++-------
Melee: Short sword       |    13 |       ||    13
       Constrict         |    21 |    25 ||    46
       Dagger            |    54 |    49 ||   103
       Tentacles         |     8 |    26 ||    34
       Flail             |       |    61 ||    61
Evoke: Wand              |     6 |    16 ||    22
  Use: Scroll            |     8 |     8 ||    16
       Potion            |       |     3 ||     3
 Stab: Sleeping          |     8 |     7 ||    15
  Eat: Chunk             |     2 |     5 ||     7
       Royal jelly       |       |     2 ||     2
       Fruit             |       |     2 ||     2
Armor: Skin              |     2 |    10 ||    12
Dodge: Dodged            |    36 |    86 ||   122

Table legend:
 A = Spawn XP
 B = Non-spawn XP
 C = Spawn XP percentage of total XP
 D = Spawn monster count
 E = Non-spawn monster count
 F = Spawn count percentage of total count
 G = Total turns spent on level
                    A         B        C        D         E        F      G
               +---------+---------+-------+---------+---------+-------+---------
         Total |       0 |     499 |   0.0 |       0 |      79 |   0.0 |  5267
               +---------+---------+-------+---------+---------+-------+---------
           D:1 |       0 |      30 |   0.0 |       0 |      18 |   0.0 |  1016
           D:2 |       0 |     118 |   0.0 |       0 |      25 |   0.0 |  1789
           D:3 |       0 |      36 |   0.0 |       0 |      17 |   0.0 |   714
           D:4 |       0 |     176 |   0.0 |       0 |      12 |   0.0 |   942
           D:5 |       0 |     139 |   0.0 |       0 |       7 |   0.0 |   806
               +---------+---------+-------+---------+---------+-------+---------
